 Dungeon Crawl Stone Soup version 0.32-a0-120-gfac0567ad4 (webtiles) character file.

Game seed: 7357534430388774064

784 AlmostDecent the Thaumaturge (level 7, 0/76 HPs)
             Began as a Gnoll Wanderer on Feb 6, 2024.
             Was an Initiate of Gozag.
             Succumbed to a killer bee's poison
             ... on level 7 of the Dungeon.
             The game lasted 00:23:54 (5143 turns).

AlmostDecent the Thaumaturge (Gnoll Wanderer)       Turns: 5143, Time: 00:23:55

Health: 0/76       AC:  5    Str: 13    XL:     7   Next: 86%
Magic:  20/20      EV: 12    Int: 17    God:    Gozag
Gold:   92         SH:  0    Dex: 10    Spells: 18/25 levels left

rFire   + . .        s - +9 falchion "Emmuluar" {heavy, rF+ Int+4}
rCold   . . .        (no shield)
rNeg    . . .        d - +0 leather armour
rPois   .            g - +0 helmet
rElec   .            h - +0 cloak
rCorr   .            (no gloves)
SInv    .            (no boots)
Will    .....        (no amulet) Stlth
                     m - ring of wizardry
HPRegen 0.32/turn    (no ring)
MPRegen 0.17/turn

%: wizardry (x1)
@: berserking (expiring), lethally poisoned (0 -> -5), gold aura, very quick
A: fangs 1, strong nose, distributed training
a: Renounce Religion, Potion Petition, Call Merchant, Bribe Branch


You were on level 7 of the Dungeon.
You worshipped Gozag.
Gozag was noncommittal.
You visited 1 branch of the dungeon, and saw 6 of its levels.

You collected 384 gold pieces.
You spent 247 gold pieces at shops.
You paid 45 gold pieces to Gozag.

Inventory:

Hand Weapons
 a - a +0 mace
 l - a +2 hand axe of distortion
 s - the +9 falchion "Emmuluar" (weapon) {heavy, rF+ Int+4}
   (You bought it in a shop on level 1 of the Dungeon)

   Int+4:     It affects your intelligence (+4).
   rF+:       It protects you from fire.
Armour
 d - a +0 leather armour (worn)
 f - a +2 ring mail of fire resistance
 g - a +0 helmet (worn)
 h - a +0 cloak (worn)
Jewellery
 m - a ring of wizardry (left hand)
Wands
 b - a wand of flame (3)
 o - a wand of digging (7)
 p - a wand of charming (3)
Scrolls
 c - 3 scrolls of vulnerability
 e - a scroll of torment
 i - a scroll of immolation
 j - 2 scrolls of fear
 k - a scroll of revelation {unknown}
 n - a scroll of blinking {unknown}
 q - 2 scrolls of fog {unknown}
 r - a scroll of noise {unknown}


   Skills:
 + Level 2.8 Fighting
 + Level 2.8 Short Blades
 + Level 2.8 Long Blades
 + Level 2.8 Axes
 + Level 3.9 Maces & Flails
 + Level 2.8 Polearms
 + Level 2.8 Staves
 + Level 2.8 Ranged Weapons
 + Level 2.8 Throwing
 + Level 2.8 Armour
 + Level 2.8 Dodging
 + Level 3.7 Stealth
 + Level 2.8 Shields
 + Level 2.8 Unarmed Combat
 + Level 9.7 Spellcasting
 + Level 2.3 Conjurations
 + Level 2.3 Hexes
 + Level 2.3 Summonings
 + Level 2.3 Necromancy
 + Level 2.3 Translocations
 + Level 2.3 Fire Magic
 + Level 2.3 Ice Magic
 + Level 2.3 Air Magic
 + Level 2.3 Earth Magic
 + Level 2.3 Alchemy
 + Level 3.1 Invocations
 + Level 7.2 Evocations
 + Level 2.6 Shapeshifting


You had 18 spell levels left.
You knew the following spells:

 Your Spells              Type           Power      Damage    Failure   Level
a - Shock                 Conj/Air       64%        1d7       1%          1
b - Magic Dart            Conj           64%        1d6       1%          1
c - Searing Ray           Conj           32%        2d5       2%          2
d - Swiftness             Air            16%        N/A       5%          3

Your spell library contained the following spells:

 Spells                   Type           Power      Damage    Failure   Level
 Call Imp                 Summ           32%        N/A       2%          2
 Cigotuvi's Dreadful Rot  Necr/Alch/Air  32%        N/A       2%          2
 Ensorcelled Hibernation  Hex/Ice        32%        N/A       2%          2
 Inner Flame              Hex/Fire       16%        N/A       5%          3
 Passwall                 Erth           16%        N/A       5%          3
 Sigil of Binding         Hex            16%        N/A       5%          3
 Vampiric Draining        Necr           16%        2d7       5%          3
 Fulminant Prism          Conj/Alch      8%         3d7       16%         4
 Metabolic Englaciation   Hex/Ice        8%         N/A       41%         5
 Infestation              Necr           8%         N/A       100%        8


Dungeon Overview and Level Annotations

Branches:
Dungeon (5/15)
 Temple: D:4-7

Altars:
Gozag
Yredelemnul

Shops:
D:1 *


Innate Abilities, Weirdness & Mutations

You have very sharp teeth.
Your uncanny sense of smell can sniff out nearby items.
Your experience applies equally to all skills.


Message History

You kill the killer bee!
The killer bee misses you. The killer bee stings you.
* * * LOW HITPOINT WARNING * * *
The killer bee barely misses you.
You miss the killer bee. Your punch misses the killer bee.
You bite the killer bee!
The killer bee is heavily wounded.
The killer bee stings you.
* * * LOW HITPOINT WARNING * * *
You are poisoned.
The killer bee poisons you! The killer bee closely misses you.
You miss the killer bee.
The killer bee is heavily wounded.
You feel very sick.
The killer bee stings you but does no damage.
The killer bee barely misses you. The killer bee completely misses you.
You closely miss the killer bee.
The killer bee is heavily wounded.
You feel sick. The killer bee stings you.
* * * LOW HITPOINT WARNING * * *
You are lethally poisoned!
The killer bee poisons you!
The killer bee stings you but does no damage.
You miss the killer bee. Your bite misses the killer bee.
The killer bee is heavily wounded.
* * * LOW HITPOINT WARNING * * *
You feel very sick. The killer bee closely misses you.
The killer bee misses you.
You slash the killer bee!
You kill the killer bee!
* * * LOW HITPOINT WARNING * * *
You feel sick.
You are too berserk!
Okay, then.
* * * LOW HITPOINT WARNING * * *
You feel sick.
You see here 10 gold pieces.
You feel a strong urge to attack something.
You die...
Your body crumbles into a pile of gold.

##. .... ####..#
#######@.=.#
#.....$.##.#
..:######...#
.######..####
............##
..#########..####
##....##
############......#
.............######


There were no monsters in sight!

Vanquished Creatures
  A black bear (D:4)
  3 scorpions
  3 killer bees (D:7)
  A howler monkey (D:5)
  2 bombardier beetles (D:4)
  A crimson imp (D:4)
  A hound (D:3)
  3 iguanas
  4 adders
  3 gnolls (D:3)
  A shadow imp (D:3)
  A white imp (D:4)
  2 dart slugs (D:1)
  7 orcs
  4 bats
  8 endoplasms
  6 giant cockroaches
  4 goblins
  3 hobgoblins (D:1)
  4 jackals (D:2)
  6 kobolds
  2 quokkas
  5 ball pythons
  2 frilled lizards
  6 rats
83 creatures vanquished.

Notes
Turn   | Place    | Note
-------+----------+-------------------------------------------
     0 | D:1      | Reached skill level 9 in Spellcasting
     0 | D:1      | AlmostDecent the Gnoll Wanderer began the quest for the
                  | Orb.
     0 | D:1      | AlmostDecent set off with the following items: a +0 mace, a
                  | wand of flame (3), a scroll of vulnerability, a +0 leather
                  | armour; and the following spell memorised: Shock; and the
                  | following spells available to memorise: Call Imp,
                  | Cigotuvi's Dreadful Rot, Vampiric Draining.
     0 | D:1      | Reached XP level 1. HP: 13/13 MP: 10/10
   150 | D:1      | Reached XP level 2. HP: 19/19 MP: 8/12
   559 | D:1      | Reached XP level 3. HP: 23/25 MP: 0/13
   679 | D:1      | Found Qomarph's Assorted Antiques.
  1297 | D:2      | Reached skill level 1 in Invocations
  1452 | D:2      | Reached skill level 1 in Fighting
  1452 | D:2      | Reached skill level 1 in Short Blades
  1452 | D:2      | Reached skill level 1 in Long Blades
  1452 | D:2      | Reached skill level 1 in Axes
  1452 | D:2      | Reached skill level 1 in Polearms
  1452 | D:2      | Reached skill level 1 in Staves
  1452 | D:2      | Reached skill level 1 in Ranged Weapons
  1452 | D:2      | Reached skill level 1 in Throwing
  1452 | D:2      | Reached skill level 1 in Armour
  1452 | D:2      | Reached skill level 1 in Dodging
  1452 | D:2      | Reached skill level 1 in Shields
  1452 | D:2      | Reached skill level 1 in Unarmed Combat
  1531 | D:2      | Learned a level 1 spell: Magic Dart
  1534 | D:2      | Learned a level 2 spell: Searing Ray
  1567 | D:2      | Reached skill level 1 in Shapeshifting
  1567 | D:2      | Reached XP level 4. HP: 14/32 MP: 8/15
  2256 | D:3      | Learned a level 3 spell: Swiftness
  2331 | D:3      | Reached skill level 1 in Conjurations
  2331 | D:3      | Reached skill level 1 in Hexes
  2331 | D:3      | Reached skill level 1 in Summonings
  2331 | D:3      | Reached skill level 1 in Necromancy
  2331 | D:3      | Reached skill level 1 in Translocations
  2331 | D:3      | Reached skill level 1 in Fire Magic
  2331 | D:3      | Reached skill level 1 in Ice Magic
  2331 | D:3      | Reached skill level 1 in Air Magic
  2331 | D:3      | Reached skill level 1 in Earth Magic
  2331 | D:3      | Reached skill level 1 in Alchemy
  2665 | D:3      | Reached XP level 5. HP: 37/37 MP: 14/16
  2789 | D:3      | Found a transporter.
  2789 | D:3      | Found an opulent altar of Gozag.
  2791 | D:3      | Found a transporter.
  2793 | D:3      | Found a basalt altar of Yredelemnul.
  2818 | D:3      | Reached XP level 6. HP: 24/44 MP: 10/18
  2873 | D:3      | Got the Folio of Posthumous Ensorcelling
  2889 | D:3      | Became a worshipper of Gozag Ym Sagoz the Greedy
  3909 | D:4      | Noticed a black bear
  4252 | D:4      | Reached XP level 7. HP: 39/50 MP: 7/20
  4820 | D:4      | Upgraded the game from 0.32-a0-86-g8db1b9f803 to
                  | 0.32-a0-120-gfac0567ad4
  4910 | D:1      | Bought a scroll labelled LIFAM COTU PIRUSH for 19 gold
                  | pieces
  4910 | D:1      | Bought a scroll of identify for 38 gold pieces
  4910 | D:1      | Bought a scroll labelled UKLOELIOTA for 19 gold pieces
  4910 | D:1      | Bought a scroll labelled WOUMUA ULELA for 19 gold pieces
  4910 | D:1      | Bought a bloodstained falchion for 152 gold pieces
  4910 | D:1      | Identified the +9 falchion "Emmuluar" {heavy, rF+ Int+4}
                  | (You bought it in a shop on level 1 of the Dungeon)
  4996 | D:5      | Entered Level 5 of the Dungeon
  5111 | D:5      | You fall into a shaft and drop 2 floors!
  5141 | D:7      | HP: 3/76 [poisoned by a killer bee]
  5142 | D:7      | HP: 1/76 [poisoned by a killer bee]
  5143 | D:7      | Succumbed to a killer bee's poison

Illustrated notes

Levels and vault maps discovered:
D:1:      orjb1_lava_funnel, layout_basic, serial_shops,
          nicolae_shop_real_fake_doors, dreamdust_princess_bridge
D:2:      layout_rooms, kennysheep_nub, minmay_unequal
D:3:      layout_rooms, gammafunk_temple_overflow_arena, hangedman_decor_push,
          minivault_25, minivault_19
D:4:      layout_basic, minmay_fire_ice_demons
D:5:      layout_basic
D:7:      layout_rooms, lemuel_round_altar, uniq_pikel, uniq_joseph

Skill      XL: |  1  2  3  4  5  6  7 |
---------------+----------------------+-----
Spellcasting   | |  9.7
Invocations    | 1 2 3 |  3.1
Fighting       | 1 2 |  2.8
Short Blades   | 1 2 |  2.8
Long Blades    | 1 2 |  2.8
Axes           | 1 2 |  2.8
Polearms       | 1 2 |  2.8
Staves         | 1 2 |  2.8
Ranged Weapons | 1 2 |  2.8
Throwing       | 1 2 |  2.8
Armour         | 1 2 |  2.8
Dodging        | 1 2 |  2.8
Shields        | 1 2 |  2.8
Unarmed Combat | 1 2 |  2.8
Shapeshifting  | 1 2 |  2.6
Conjurations   | 1 2 |  2.3
Hexes          | 1 2 |  2.3
Summonings     | 1 2 |  2.3
Necromancy     | 1 2 |  2.3
Translocations | 1 2 |  2.3
Fire Magic     | 1 2 |  2.3
Ice Magic      | 1 2 |  2.3
Air Magic      | 1 2 |  2.3
Earth Magic    | 1 2 |  2.3
Alchemy        | 1 2 |  2.3
Maces & Flails | 3 |  3.9
Stealth        | 3 |  3.7
Evocations     | 7 |  7.2

Action                     |  1- 3 |  4- 6 |  7- 9 || total
---------------------------+-------+-------+-------++-------
  Melee: Mace              |    33 |    65 |    17 ||   115
         Bite              |     4 |     9 |     3 ||    16
         Punch             |       |     2 |       ||     2
         Falchion          |       |       |    12 ||    12
   Cast: Shock             |    58 |    21 |    22 ||   101
         Magic Dart        |     6 |   152 |     6 ||   164
         Searing Ray       |       |     1 |       ||     1
         Swiftness         |       |     1 |       ||     1
    Use: Scroll            |     2 |     6 |     1 ||     9
         Potion            |     1 |     4 |     1 ||     6
   Stab: Sleeping          |     1 |       |     2 ||     3
 Armour: Leather armour    |    31 |    99 |    41 ||   171
         Skin              |       |    24 |       ||    24
  Dodge: Dodged            |    37 |    95 |    37 ||   169

Table legend: (Time is in decaauts)
 A = Elapsed time spent in this place.
 B = Non-inter-level travel time spent in this place.
 C = Inter-level travel time spent in this place.
 D = Time resting spent in this place.
 E = Time spent auto-exploring this place.
 F = Levels seen in this place.
 G = Mean time per level.
                   A        B        C        D        E       F      G
               +--------+--------+--------+--------+--------+-----+--------+
         Total |   5158 |   4899 |    259 |    195 |   3980 |   6 |  859.7 |
       Dungeon |   5158 |   4899 |    259 |    195 |   3980 |   6 |  859.7 |
               +--------+--------+--------+--------+--------+-----+--------+

Top non-repeatable levels by time:
     D:4: 1632 daAuts
     D:1: 1341 daAuts
     D:3: 1121 daAuts
     D:2: 911 daAuts
     D:5: 115 daAuts
     D:7: 36 daAuts
